 Dungeon Crawl Stone Soup version 0.29-a0-2-g12fcac58f8 (webtiles) character file.

Game seed: 17272730551865425941

164 fragbeetle the Chopper (level 5, -4/47 HPs)
             Began as a Hill Orc Cinder Acolyte on Jan 26, 2022.
             Was a High Priest of Ignis.
             Killed by nerve-wracking pain
             ... invoked by Grinder
              (13 damage)
             ... while paralysed by Grinder
             ... on level 3 of the Dungeon.
             The game lasted 00:03:26 (3770 turns).

fragbeetle the Chopper (Hill Orc Cinder Acolyte)    Turns: 3770, Time: 00:03:27

Health: -4/47      AC:  2    Str: 19    XL:     5   Next: 45%
Magic:  2/7        EV:  2    Int: 14    God:    Ignis [*****.]
Gold:   136        SH:  0    Dex:  6    Spells: 5/7 levels left

rFire   + . .      SeeInvis .   a - -1 hand axe (flame)
rCold   . . .      Faith    .   (no shield)
rNeg    . . .      Spirit   .   b - +0 robe
rPois   .          Reflect  .   (no helmet)
rElec   .          Harm     .   (no cloak)
rCorr   .          Rampage  .   (no gloves)
Will    .....                   (no boots)
Stlth   +.........              (no amulet)
HPRegen 0.15/turn               (no ring)
MPRegen 0.10/turn               (no ring)

@: paralysed
A: no striking features
a: Renounce Religion, Fiery Armour, Foxfire Swarm, Rising Flame


You were on level 3 of the Dungeon.
You worshipped Ignis.
Ignis was extremely pleased with you.
You visited 1 branch of the dungeon, and saw 3 of its levels.

You collected 136 gold pieces.

Inventory:

Hand Weapons
 a - a -1 hand axe of flaming (weapon)
Armour
 b - a +0 robe (worn)
 p - a +0 pair of boots
Magical Staves
 o - a staff of conjuration
Scrolls
 c - a scroll of immolation {unknown}
 d - 2 scrolls of identify {unknown}
 f - a scroll of enchant weapon {unknown}
 h - 2 scrolls of amnesia {unknown}
 i - a scroll of enchant armour {unknown}
 k - a scroll of brand weapon {unknown}
 l - a scroll of teleportation {unknown}
 n - a scroll of vulnerability {unknown}
 q - a scroll of blinking {unknown}
 s - a scroll of fog {unknown}
Potions
 e - 2 potions of degeneration {unknown}
 g - 2 potions of mutation {unknown}
 j - a potion of ambrosia {unknown}
 m - a potion of curing {unknown}
 r - a potion of brilliance {unknown}


   Skills:
 + Level 4.3 Fighting
 * Level 5.5 Axes
 + Level 1.7 Spellcasting
 * Level 4.7 Fire Magic


You had 5 spell levels left.
You knew the following spells:

 Your Spells              Type           Power      Damage    Failure   Level
a - Scorch                Fire           28%        2d6       5%          2

Your spell library contained the following spells:

 Spells                   Type           Power      Damage    Failure   Level
 Summon Forest            Summ/Tloc      0%         N/A       100%        5
 Eringya's Noxious Bog    Tmut/Pois      0%         N/A       100%        6
 Summon Hydra             Summ           0%         N/A       100%        7


Dungeon Overview and Level Annotations

Branches:
Dungeon (3/15)

Altars:

Annotations:
D:2 1 runed translucent door, Crazy Yiuf
D:3 Grinder, Terence


Message History

Grinder breaks down the door.
Flames lash Grinder.
Grinder is moderately wounded.
Grinder's fire resistance burns away.
Flames lash Grinder.
Grinder is burned terribly!
Grinder is heavily wounded.
Grinder blinks!
Flames lash Grinder.
Grinder is burned terribly!
Grinder is almost dead.
Grinder gestures at you.
You suddenly lose the ability to move!
Grinder hits you but does no damage.
Grinder blinks!
Grinder gestures at you.
You shrug off the repeated paralysis!
Grinder gestures at you. Pain shoots through your body!
Grinder gestures at you. Pain shoots through your body!
You can move again.
You don't have enough magic to cast this spell.
You barely miss Grinder.
Grinder is almost dead.
Grinder blinks!
Grinder hits you.
Grinder grins, showing sharp teeth.
Grinder hits you!
* * * LOW HITPOINT WARNING * * *
You writhe in agony.
* * * LOW HITPOINT WARNING * * *
You hit Grinder but do no damage.
Grinder is almost dead.
Grinder closely misses you.
You barely miss Grinder.
Grinder is almost dead.
Grinder gestures at you.
You suddenly lose the ability to move!
Grinder blinks!
Grinder gestures at you. Pain shoots through your body!
You die...

#....................
#.#
#........†........
#.#
#.................
#5#
#######'##........
#.# #)##....#... #.#
#.##....# .. #.#
#.##....# # #.#
#.##..5.# #.#
##.@.....+
#.########........#
#....5...'..........
##########......####
#......# #......#
#......# #......#
#......#


You could see Grinder (fast, combustible).

Vanquished Creatures
  Natasha (thrice) (D:2)
  2 adders (D:2)
  A worm (D:2)
  2 dart slugs (D:1)
  11 endoplasms
  4 giant cockroaches
  7 goblins
  4 hobgoblins
  4 jackals (D:1)
  2 quokkas
  6 ball pythons
  7 bats
  2 frilled lizards
  2 kobolds (D:1)
  6 rats
63 creatures vanquished.

Vanquished Creatures (others)
  A fungus (D:2)
1 creature vanquished.

Grand Total: 64 creatures vanquished

Notes
Turn   | Place    | Note
-------+----------+-------------------------------------------
     0 | D:1      | fragbeetle the Hill Orc Cinder Acolyte began the quest for
                  | the Orb.
     0 | D:1      | Reached XP level 1. HP: 19/19 MP: 2/2
   342 | D:1      | Reached XP level 2. HP: 27/27 MP: 3/3
   350 | D:1      | Learned a level 2 spell: Scorch
   876 | D:1      | Reached XP level 3. HP: 33/33 MP: 4/4
  1583 | D:2      | Reached XP level 4. HP: 21/40 MP: 1/6
  1728 | D:2      | Found a faded altar of an unknown god.
  1970 | D:2      | Noticed Natasha
  1972 | D:2      | Killed Natasha
  1973 | D:2      | Reached skill level 5 in Axes
  2182 | D:2      | Noticed Natasha
  2193 | D:2      | Killed Natasha
  2194 | D:2      | Reached XP level 5. HP: 9/46 MP: 7/7
  2597 | D:2      | Found a runed translucent door.
  2598 | D:2      | Noticed Crazy Yiuf
  2686 | D:2      | Noticed Natasha
  2693 | D:2      | Killed Natasha
  2827 | D:2      | Found a faded altar of an unknown god.
  3502 | D:3      | Noticed Terence
  3740 | D:3      | Noticed Grinder
  3758 | D:3      | Paralysed by Grinder for 7 turns
  3768 | D:3      | Paralysed by Grinder for 7 turns
  3770 | D:3      | Killed from afar by Grinder

Illustrated notes

Levels and vault maps discovered:
D:1:      minmay_arrival_solitary_statue, layout_loops_corners,
          minmay_misc_feat_square, minmay_tetromino_t4
D:2:      layout_loops_ring, hellmonk_ecumenical_altar_run_dry,
          uniq_crazy_yiuf_cottage, uniq_natasha
D:3:      cheibrodos_helix_gallery, layout_basic, minivault_19,
          grunt_ministairs_13, uniq_terence, uniq_grinder

Skill      XL: |  1  2  3  4 |
---------------+-------------+-----
Fighting       | 4 |  4.3
Fire Magic     | 4 |  4.7
Axes           | 5 |  5.5
Spellcasting   | |  1.7

Action                   |  1- 3 |  4- 6 || total
-------------------------+-------+-------++-------
Melee: Hand axe          |   107 |    53 ||   160
       Punch             |     2 |     1 ||     3
 Cast: Scorch            |     1 |    14 ||    15
Armor: Robe              |    37 |     4 ||    41
Dodge: Dodged            |    76 |    33 ||   109

Table legend: (Time is in decaauts)
 A = Elapsed time spent in this place.
 B = Non-inter-level travel time spent in this place.
 C = Inter-level travel time spent in this place.
 D = Time resting spent in this place.
 E = Time spent auto-exploring this place.
 F = Levels seen in this place.
 G = Mean time per level.
                   A        B        C        D        E       F      G
               +--------+--------+--------+--------+--------+-----+--------+
         Total |   3789 |   3632 |    157 |     79 |   3100 |   3 | 1263.0 |
       Dungeon |   3789 |   3632 |    157 |     79 |   3100 |   3 | 1263.0 |
               +--------+--------+--------+--------+--------+-----+--------+

Top non-repeatable levels by time:
     D:2: 1957 daAuts
     D:1: 1488 daAuts
     D:3: 344 daAuts
